Map: Jagannatha LE

Players

Zoun

  • Race: Protoss Protoss

Serral - Winner!

  • Race: Zerg Zerg

Event: DreamHack SC2 Masters 2021 Fall

VOD

Have the link to the VOD?

Description

Time

  • Played on: Sept. 10, 2021, 9:47 a.m.
  • Length: 9:23

All games in this series

Show
View Real Time Build Order
Export as new Build Order

Zoun Protoss 

Build Orders:  

Get SALT Encoding   

  12  0:00  Probe  
  13  0:12  Probe  
  14  0:20  Pylon  
  14  0:24  Probe  
  15  0:38  Probe (Chrono Boost)  
  15  0:40  Gateway  
  16  0:47  Probe (Chrono Boost)  
  17  0:50  Assimilator  
  17  0:53  Probe (Chrono Boost)  
  18  1:04  Probe  
  19  1:13  Gateway  
  19  1:17  Probe  
  20  1:25  Pylon  
  20  1:27  Cybernetics Core  
  20  1:33  Probe  
  21  1:46  Probe  
  22  1:59  Nexus  
  22  2:05  Adept (Chrono Boost)  
  24  2:12  Adept (Chrono Boost)  
  26  2:16  Warp Gate  
  26  2:20  Assimilator  
  26  2:23  Probe  
  27  2:35  Probe  
  28  2:39  Adept  
  30  2:44  Pylon  
  30  2:51  Probe  
  31  2:59  Stargate  
  31  3:06  Probe (Chrono Boost)  
  31  3:11  Probe (Chrono Boost)  
  33  3:18  Probe (Chrono Boost)  
  35  3:21  Probe (Chrono Boost)  
  35  3:23  Probe (Chrono Boost)  
  35  3:26  Probe (Chrono Boost)  
  36  3:32  Probe  
  38  3:36  Void Ray  
  38  3:38  Probe  
  39  3:44  Probe  
  44  3:50  Probe  
  45  3:57  Nexus  
  45  3:59  Pylon  
  45  4:00  Probe  
  46  4:07  Probe  
  47  4:12  Probe  
  48  4:20  Twilight Council  
  48  4:22  Shield Battery  
  51  4:24  Probe  
  51  4:25  Probe  
  51  4:26  Adept x2  
  55  4:34  Robotics Facility  
  55  4:36  Assimilator  
  55  4:37  Probe  
  53  4:41  Gateway  
  53  4:42  Gateway  
  53  4:43  Oracle (Chrono Boost)  
  53  4:49  Resonating Glaives (Chrono Boost)  
  53  4:51  Assimilator  
  56  5:02  Pylon  
  56  5:07  Gateway x2  
  56  5:11  Gateway  
  56  5:13  Gateway  
  56  5:15  Gateway  
  56  5:18  Probe  
  56  5:21  Warp Prism (Chrono Boost)  
  59  5:32  Adept x2  
  63  5:38  Adept x2  
  63  5:40  Probe  
  66  5:51  Probe  
  66  5:56  Adept x2  
  71  6:10  Adept x6  
  83  6:16  Adept  
  85  6:31  Adept x2  
  83  6:36  Adept  
  83  6:37  Adept x2  
  79  6:41  Pylon, Adept x3  
  79  6:43  Pylon  
  74  6:51  Adept  
  74  6:52  Adept  
  74  6:58  Probe  
  74  6:59  Probe x2  
  61  7:10  Probe  
  61  7:12  Probe x2  
  61  7:14  Robotics Bay  
  61  7:15  Adept x3  
  60  7:16  Adept  
  64  7:24  Void Ray (Chrono Boost)  
  64  7:25  Immortal (Chrono Boost)  
  64  7:26  Shield Battery, Probe x2  
  64  7:27  Probe  
  75  7:38  Adept x2  
  79  7:50  Adept x5  
  78  7:54  Shield Battery  
  78  7:57  Sentry  
  78  7:58  Pylon  
  69  8:13  Adept  
  69  8:14  Adept  
  69  8:17  Adept x3  
  73  8:20  Disruptor (Chrono Boost)  
  70  8:46  Adept  
  70  8:47  Adept x2  
  70  8:48  Nexus  
  76  8:49  Pylon  
  79  8:59  Adept x3  
  81  9:12  Pylon  
  81  9:14  Pylon  
Show
View Real Time Build Order
Export as new Build Order

Serral Zerg - Winner!

Build Orders: Pool First 

Get SALT Encoding   

  12  0:00  Drone  
  13  0:12  Overlord  
  13  0:17  Drone  
  14  0:31  Drone x2  
  16  0:41  Spawning Pool  
  15  0:44  Drone  
  16  1:06  Hatchery  
  16  1:10  Drone  
  16  1:14  Drone  
  17  1:25  Extractor  
  17  1:27  Queen  
  17  1:29  Zergling x2  
  17  1:32  Drone  
  20  1:36  Drone  
  21  1:42  Overlord  
  21  1:53  Drone  
  22  2:03  Queen  
  22  2:04  Drone  
  25  2:17  Drone  
  25  2:19  Queen  
  25  2:20  Drone  
  29  2:25  Metabolic Boost  
  29  2:27  Drone  
  30  2:31  Drone  
  31  2:38  Zergling x2  
  31  2:39  Drone x2  
  31  2:40  Drone  
  31  2:44  Drone  
  36  2:50  Overlord  
  36  3:02  Hatchery  
  36  3:04  Zergling x2  
  36  3:11  Overlord  
  36  3:14  Drone x2  
  36  3:18  Evolution Chamber  
  37  3:20  Drone x2  
  37  3:22  Drone x2  
  37  3:24  Drone  
  43  3:27  Drone  
  43  3:33  Queen  
  46  3:37  Queen  
  46  3:41  Overlord  
  48  3:45  Drone  
  48  3:46  Drone  
  50  3:50  Zergling x4  
  50  3:54  Overlord  
  52  4:00  Roach Warren  
  52  4:02  Drone x5  
  57  4:07  Overlord  
  57  4:09  Drone  
  59  4:10  Drone  
  59  4:16  Drone x2  
  59  4:17  Drone x2  
  63  4:20  Queen  
  65  4:29  Zergling x2, Overlord  
  65  4:30  Zergling x4  
  67  4:31  Drone x2  
  67  4:34  Spore Crawler  
  67  4:38  Spore Crawler  
  66  4:41  Zergling x2, Roach Warren  
  66  4:43  Drone x2  
  68  4:47  Drone, Overlord  
  68  4:51  Spore Crawler  
  68  4:52  Zergling x2  
  69  4:53  Drone x2  
  69  4:54  Drone  
  69  4:58  Lair  
  72  5:02  Extractor, Drone x2  
  72  5:03  Extractor  
  72  5:04  Drone x2  
  74  5:07  Drone  
  74  5:10  Evolution Chamber  
  74  5:11  Overlord  
  74  5:13  Drone  
  74  5:14  Drone  
  75  5:21  Overlord  
  75  5:23  Drone x3, Overlord  
  75  5:25  Drone x2  
  80  5:29  Drone x2  
  80  5:31  Extractor  
  80  5:32  Extractor  
  80  5:34  Overlord  
  80  5:35  Drone  
  80  5:36  Drone  
  80  5:39  Overlord  
  82  5:48  Extractor  
  83  5:52  Roach  
  83  5:53  Roach  
  83  5:54  Drone x2  
  83  5:56  Zerg Missile Weapons Level 1  
  89  5:58  Glial Reconstitution  
  89  6:01  Roach x3  
  90  6:05  Roach x9  
  90  6:09  Roach  
  109  6:13  Evolution Chamber  
  109  6:15  Roach  
  110  6:19  Roach x2  
  110  6:20  Evolution Chamber  
  110  6:22  Overlord  
  112  6:34  Roach x10  
  130  6:41  Roach x3  
  130  6:46  Queen x2  
  130  6:57  Roach  
  130  6:58  Roach x3  
  136  7:03  Queen  
  135  7:16  Drone  
  135  7:20  Spire  
  135  7:21  Evolution Chamber, Roach  
  135  7:22  Roach  
  138  7:28  Overlord x2  
  138  7:31  Overlord x2  
  138  7:39  Hatchery  
  137  7:46  Drone x2  
  137  7:48  Drone x2  
  137  7:49  Drone x2  
  138  7:58  Drone x4  
  140  8:04  Overlord  
  137  8:24  Drone x2  
  137  8:31  Drone  
  133  8:34  Drone  
  133  8:37  Mutalisk x11  
  154  8:43  Drone x3  
  157  8:52  Extractor  
  157  8:53  Mutalisk x2  
  157  8:55  Extractor, Drone  
  159  8:56  Drone x8  
  170  9:16  Spore Crawler  

Tags
 
Add a new tag
Caveats
  • Supply blocks, unpowered buildings, or Contaminate may cause inaccurate times.
  • Supply counts are checked every 10 seconds.